 Dungeon Crawl Stone Soup version 0.22-a0-617-g6d95e9e (webtiles) character file.

4077 Hebeh the Thaumaturge (level 10, -2/54 HPs)
             Began as a Deep Elf Fire Elementalist on July 12, 2018.
             Was a Believer of Vehumet.
             Shot with a sling bullet by Joseph (14 damage)
             ... on level 8 of the Dungeon.
             The game lasted 01:20:17 (11262 turns).

Hebeh the Thaumaturge (Deep Elf Fire Elementalist) Turns: 11262, Time: 01:20:18

Health: -2/54      AC:  7    Str:  6    XL:     10   Next: 5%
Magic:  17/26      EV: 15    Int: 23    God:    Vehumet [**....]
Gold:   517        SH:  0    Dex: 15    Spells: 5/30 levels left

rFire    . . .     SeeInvis .   a - +4 flail (holy)
rCold    . . .     Gourm    .   (no shield)
rNeg     . . .     Faith    .   M - +1 robe
rPois    +         Spirit   .   (no helmet)
rElec    .         Reflect  .   p - +2 cloak {+Inv}
rCorr    +         Harm     .   G - +0 pair of gloves
MR       +....                  (no boots)
Stlth    ++........             (no amulet)
HPRegen  0.18/turn              w - ring of resist corrosion
MPRegen  0.20/turn              q - ring of poison resistance

@: no status effects
A: no striking features
a: Renounce Religion, Evoke Invisibility


You were on level 8 of the Dungeon.
You worshipped Vehumet.
Vehumet was pleased with you.
You were hungry.

You visited 2 branches of the dungeon, and saw 9 of its levels.

You collected 517 gold pieces.

Inventory:

Hand Weapons
 a - a +4 flail of holy wrath (weapon)
 b - a +1 trident
Missiles
 d - 167 arrows
 f - 269 stones
 l - 26 bolts
 r - 9 tomahawks (quivered)
 u - 2 throwing nets
 E - 43 sling bullets
Armour
 p - a +2 cloak of invisibility (worn)
 y - the +3 leather armour of Intercession {+Inv Str+4 Dex-3 SInv}
   (You found it on level 4 of the Dungeon)

   It affects your strength (+4).
   It affects your dexterity (-3).
   It lets you see invisible.
   It lets you turn invisible.
 G - a +0 pair of gloves (worn)
 M - a +1 robe (worn)
Magical Staves
 g - an uncursed staff of air
 C - an uncursed staff of summoning
Jewellery
 q - a ring of poison resistance (right hand)
 w - a ring of resist corrosion (left hand)
Wands
 o - a wand of acid (9)
 A - a wand of random effects (19)
 D - a wand of polymorph (17)
 K - a wand of digging (15)
 N - a wand of paralysis (18)
Scrolls
 i - 3 scrolls of remove curse
 k - a scroll of identify
 s - a scroll of enchant weapon
 x - a scroll of blinking {unknown}
 z - 3 scrolls of teleportation
 B - 4 scrolls of magic mapping {unknown}
 H - a scroll of silence {unknown}
 I - a scroll of fog {unknown}
 O - a scroll of brand weapon {unknown}
Potions
 e - 3 potions of brilliance
 h - a potion of heal wounds
 m - a potion of agility {unknown}
 n - a potion of curing {unknown}
 t - a potion of ambrosia {unknown}
 v - a potion of flight {unknown}
 F - 2 potions of cancellation
 J - a potion of resistance {unknown}
 L - a potion of berserk rage {unknown}
Comestibles
 c - 16 rations


   Skills:
 + Level 2.7 Fighting
 + Level 4.9 Dodging
 - Level 2.4 Stealth
 + Level 10.6 Spellcasting
 * Level 8.3 Conjurations
 - Level 4.0 Hexes
 + Level 2.3 Translocations
 * Level 8.3 Fire Magic


You had 5 spell levels left.
You knew the following spells:

 Your Spells              Type           Power        Failure   Level  Hunger
a - Flame Tongue          Conj/Fire      #####        1%          1    None
b - Throw Flame           Conj/Fire      ######       1%          2    None
c - Conjure Flame         Conj/Fire      ######..     1%          3    None
d - Shock                 Conj/Air       ####         1%          1    None
e - Fireball              Conj/Fire      ######....   4%          5    ####...
f - Inner Flame           Hex/Fire       #####...     1%          3    None
g - Confuse               Hex            ####....     3%          3    None
h - Sticky Flame          Conj/Fire      ######..     1%          4    #......
i - Gell's Gravitas       Tloc           ###.......   6%          3    None

Your spell library contained the following spells:

 Spells                   Type           Power        Failure   Level  Hunger
 Confusing Touch          Hex            ####..       1%          1    None
 Metabolic Englaciation   Hex/Ice        ###.......   54%         5    ####...
 Petrify                  Tmut/Erth      ##......     47%         4    #......
 Yara's Violent Unravell  Hex/Tmut       ###.......   54%         5    ####...


Dungeon Overview and Level Annotations

Branches:
Dungeon (8/15)             Temple (1/1) D:4
   Lair: D:8-11

Altars:
Ashenzari
Cheibriados
Dithmenos
Fedhas
Gozag
Hepliaklqana
Nemelex Xobeh
Okawaru
Qazlal
Ru
Sif Muna
Trog
Vehumet
Wu Jian
Xom
Yredelemnul
Zin

Annotations:
D:8 Joseph


Message History

Joseph shoots a sling bullet.
The sling bullet closely misses you.
Casting: Flame Tongue (safe; 1% risk of failure)
Confirm with . or Enter, or press ? or * to list all spells.
Aiming: Flame Tongue (safe; 1% risk of failure)
Press: ? - help, Shift-Dir - straight line, f/p - Joseph
Aim: Joseph, wielding a hunting sling and wearing a ring mail (heavily wounded)
The flame tongue hits Joseph.
Joseph appears unharmed.
Joseph is heavily wounded.
Joseph shoots a sling bullet.
The sling bullet hits you!
* * * LOW HITPOINT WARNING * * *
Casting: Flame Tongue (safe; 1% risk of failure)
Confirm with . or Enter, or press ? or * to list all spells.
Aiming: Flame Tongue (safe; 1% risk of failure)
Press: ? - help, Shift-Dir - straight line, f/p - Joseph
Aim: Joseph, wielding a hunting sling and wearing a ring mail (heavily wounded)
The flame tongue hits Joseph.
Joseph is severely wounded.
Joseph shoots a sling bullet.
The sling bullet completely misses you.
Joseph shoots a sling bullet.
The sling bullet hits you!
You die...

####### ........ .....# ###
..#....####.#.###.###########
..............(.@...........#
..#..........@###.#.#.#.#.###
#.@...#.####..##......#.#.#
#........#....#.#.....#.#.#
...........#..........#.#.##
........<..................#
...........................#
......##.....)........[.#..#
#.###.##................#..#


You could see Joseph.

Vanquished Creatures
  A two-headed ogre (D:8)
  A hornet (D:8)
  Sigmund (D:6)
  A wyvern (D:8)
  Edmund (D:5)
  An ice beast (D:8)
  An orc warrior (D:7)
  A black bear (D:8)
  A phantom (D:5)
  3 ogres
  A big kobold (D:7)
  4 bullfrogs
  2 scorpions
  10 wights (D:6)
  3 crimson imps
  A bullfrog skeleton (D:6)
  A gnoll shaman (D:4)
  5 hounds
  A jelly (D:8)
  2 orc priests (D:6)
  Crazy Yiuf (D:5)
  6 orc wizards
  7 iguanas
  9 worker ants
  A howler monkey zombie (D:8)
  12 gnolls
  13 adders
  2 shadow imps
  2 adder zombies
  5 worms
  2 dart slugs
  28 orcs
  6 bats
  9 giant cockroaches
  5 goblins
  6 hobgoblins
  2 jackals (D:2)
  14 kobolds
  5 quokkas
  A ball python (D:2)
  5 frilled lizards
  A leopard gecko skeleton (D:7)
  8 rats
192 creatures vanquished.

Notes
Turn   | Place    | Note
-------+----------+-------------------------------------------
     0 | D:1      | Hebeh the Deep Elf Fire Elementalist began the quest for the Orb.
     0 | D:1      | Reached XP level 1. HP: 10/10 MP: 6/6
   344 | D:1      | Reached XP level 2. HP: 15/15 MP: 5/8
  1358 | D:2      | Reached XP level 3. HP: 19/19 MP: 7/10
  1975 | D:2      | Reached XP level 4. HP: 24/24 MP: 7/11
  2244 | D:3      | Learned a level 2 spell: Throw Flame
  2248 | D:3      | Learned a level 3 spell: Conjure Flame
  2461 | D:3      | Reached skill level 4 in Spellcasting
  2551 | D:3      | Found a bloodstained altar of Trog.
  2784 | D:3      | Reached XP level 5. HP: 10/28 MP: 0/13
  3979 | D:4      | Learned a level 3 spell: Inner Flame
  4264 | D:4      | Reached skill level 5 in Spellcasting
  4264 | D:4      | Reached XP level 6. HP: 32/32 MP: 8/15
  4323 | D:4      | Reached skill level 5 in Conjurations
  4481 | D:4      | Reached skill level 5 in Fire Magic
  4800 | D:4      | Found a staircase to the Ecumenical Temple.
  4812 | D:4      | Reached XP level 7. HP: 30/36 MP: 5/17
  4914 | Temple   | Entered the Ecumenical Temple
  5002 | Temple   | Became a worshipper of Vehumet
  5400 | D:4      | Got a smoking leather armour
  6025 | D:4      | Identified the +3 leather armour of Intercession {+Inv Str+4 Dex-3 SInv} (You found it on level 4 of the Dungeon)
  6063 | D:5      | Entered Level 5 of the Dungeon
  6176 | D:5      | Reached skill level 1 in Hexes
  6235 | D:5      | Found a runed door.
  6364 | D:5      | Noticed Edmund
  6372 | D:5      | Reached skill level 6 in Spellcasting
  6373 | D:5      | Killed Edmund
  6749 | D:5      | Reached skill level 7 in Spellcasting
  6749 | D:5      | Reached XP level 8. HP: 39/41 MP: 5/20
  7129 | D:5      | Noticed Crazy Yiuf
  7132 | D:5      | Killed Crazy Yiuf
  7287 | D:6      | Reached skill level 8 in Spellcasting
  7411 | D:6      | Reached skill level 9 in Spellcasting
  7596 | D:6      | Reached * piety under Vehumet
  7596 | D:6      | Offered knowledge of Sandblast by Vehumet.
  8316 | D:6      | Noticed Sigmund
  8322 | D:6      | Killed Sigmund
  8322 | D:6      | Reached skill level 1 in Fighting
  8684 | D:6      | Reached XP level 9. HP: 47/47 MP: 15/24
  8888 | D:6      | Learned a level 5 spell: Fireball
  9017 | D:7      | Reached skill level 10 in Spellcasting
  9451 | D:7      | Reached ** piety under Vehumet
  9451 | D:7      | Offered knowledge of Shock by Vehumet.
  9454 | D:7      | Learned a level 1 spell: Shock
 10113 | D:7      | Learned a level 3 spell: Confuse
 10117 | D:7      | Learned a level 3 spell: Gell's Gravitas
 10285 | D:7      | Learned a level 4 spell: Sticky Flame
 10505 | D:8      | Reached skill level 1 in Translocations
 10785 | D:8      | Noticed a two-headed ogre
 10796 | D:8      | Killed a two-headed ogre
 10885 | D:8      | Reached XP level 10. HP: 36/54 MP: 1/26
 10895 | D:8      | Noticed Joseph
 11262 | D:8      | Shot with a sling bullet by Joseph

Vault maps used:
D:1:      ebering_trefoil_twist
D:3:      overflow_temple_1_default, first_ration, lemuel_statue_altar
D:4:      temple_green, hangedman_minor_gate_pass
D:5:      uniq_crazy_yiuf_cottage, uniq_edmund
D:6:      uniq_sigmund
D:8:      statuecave_lemuel, chequers_temple_overflow_minitemple,
          lair_entry_dummy, uniq_joseph
Temple:   lightli_temple_of_artemis

Skill      XL: |  1  2  3  4  5  6  7  8  9 |
---------------+----------------------------+-----
Conjurations   | 2 3 4 5 6 8 |  8.3
Spellcasting   | 4 5 7 9 10 | 10.6
Fire Magic     | 4 5 6 8 |  8.3
Hexes          | 3 4 |  4.0
Fighting       | 1 2 |  2.7
Dodging        | 3 4 |  4.9
Translocations | 2 |  2.3
Stealth        | |  2.4

Action                   |  1- 3 |  4- 6 |  7- 9 | 10-12 || total
-------------------------+-------+-------+-------+-------++-------
Melee: Flail             |       |       |    16 |       ||    16
Throw: Stone             |    45 |    58 |       |       ||   103
       Tomahawk          |       |       |     7 |       ||     7
 Cast: Flame Tongue      |    72 |   128 |   225 |    17 ||   442
       Conjure Flame     |       |     5 |     9 |     1 ||    15
       Throw Flame       |       |     5 |    68 |       ||    73
       Inner Flame       |       |     3 |     7 |       ||    10
       Shock             |       |       |    19 |       ||    19
       Confuse           |       |       |     8 |       ||     8
       Sticky Flame      |       |       |     1 |       ||     1
  Use: Scroll            |       |     8 |     5 |       ||    13
  Eat: Chunk             |     3 |     9 |    12 |       ||    24
       Ration            |       |       |     2 |       ||     2
Armor: Robe              |     2 |     8 |    30 |       ||    40
Dodge: Dodged            |    20 |    19 |    98 |     3 ||   140

Table legend:
 A = Spawn XP
 B = Non-spawn XP
 C = Spawn XP percentage of total XP
 D = Spawn monster count
 E = Non-spawn monster count
 F = Spawn count percentage of total count
 G = Total turns spent on level
                    A         B        C        D         E        F      G
               +---------+---------+-------+---------+---------+-------+---------
         Total |       0 |    5825 |   0.0 |       0 |     192 |   0.0 | 11262
               +---------+---------+-------+---------+---------+-------+---------
           D:1 |       0 |      20 |   0.0 |       0 |      10 |   0.0 |   931
           D:2 |       0 |      85 |   0.0 |       0 |      27 |   0.0 |  1308
           D:3 |       0 |     162 |   0.0 |       0 |      31 |   0.0 |  1728
           D:4 |       0 |     636 |   0.0 |       0 |      30 |   0.0 |  1990
           D:5 |       0 |     612 |   0.0 |       0 |      15 |   0.0 |  1261
           D:6 |       0 |    1484 |   0.0 |       0 |      35 |   0.0 |  1751
           D:7 |       0 |     757 |   0.0 |       0 |      24 |   0.0 |  1400
           D:8 |       0 |    2069 |   0.0 |       0 |      20 |   0.0 |   787
               +---------+---------+-------+---------+---------+-------+---------
